 Dungeon Crawl Stone Soup version 0.25-a0-35-g747a2b3c0c (webtiles) character file.

Game seed: 14305176602132893376, levelgen mode: deterministic

2714 Froggeryz the Martial Artist (level 9, 0/111 HPs)
             Began as a Gnoll Wanderer on Oct 19, 2019.
             Was a Priest of Makhleb.
             Slain by a fire crab (8 damage)
             ... on level 8 of the Dungeon.
             The game lasted 00:13:13 (4917 turns).

Froggeryz the Martial Artist (Gnoll Wanderer)       Turns: 4917, Time: 00:13:14

Health: 0/111      AC: 24    Str: 15    XL:     9   Next: 66%
Magic:  14/14      EV:  2    Int: 19    God:    Makhleb [***...]
Gold:   252        SH:  0    Dex: 18    Spells: 14/16 levels left

rFire    . . .     SeeInvis .     - Unarmed
rCold    . . .     Gourm    .   (no shield)
rNeg     + + +     Faith    .   (armour currently unavailable)
rPois    +         Spirit   .   (helmet currently unavailable)
rElec    .         Reflect  .   (cloak currently unavailable)
rCorr    .         Harm     .   (gloves currently unavailable)
MR       .....     NoTele   +   (boots currently unavailable)
Stlth    +++.......             (no amulet)
HPRegen  0.28/turn              (no ring)
MPRegen  0.14/turn              (no ring)

@: brilliant, tree-form
A: distributed training, low mp 1, strong nose
a: Minor Destruction, Lesser Servant of Makhleb, Renounce Religion


You were on level 8 of the Dungeon.
You worshipped Makhleb.
Makhleb was most pleased with you.
You were not hungry.
You were a tree.
You visited 1 branch of the dungeon, and saw 7 of its levels.

You collected 330 gold pieces.
You spent 78 gold pieces at shops.

Inventory:

Hand Weapons
 a - a +1 quarterstaff
 o - a +2 dire flail of crushing
 r - a +0 falchion of venom
 v - a +2 whip of venom
Missiles
 l - 2 atropa-tipped darts
 n - 39 poisoned darts (quivered)
 u - 4 javelins
 D - 16 sling bullets
Armour
 e - a -1 helmet (melded)
 k - a scarf of repulsion (melded)
 s - a +2 ring mail of cold resistance (melded)
 x - a +1 scale mail of cold resistance
Wands
 b - a wand of flame (29)
 d - a wand of iceblast (9)
 m - a wand of polymorph (1)
Scrolls
 c - 2 scrolls of teleportation
 j - 5 scrolls of identify
 w - a scroll of enchant weapon
 y - a scroll of remove curse
 z - a scroll of fog {unknown}
 B - a scroll of enchant armour {unknown}
 C - a scroll of random uselessness {unknown}
Potions
 h - 2 potions of curing
 i - a potion of resistance {unknown}
 p - a potion of cancellation
Comestibles
 f - 9 rations


   Skills:
 + Level 8.0 Fighting
 + Level 4.4 Short Blades
 + Level 4.4 Long Blades
 + Level 4.4 Axes
 + Level 4.4 Maces & Flails
 + Level 4.4 Polearms
 + Level 4.4 Staves
 + Level 4.4 Slings
 + Level 4.4 Bows
 + Level 5.1 Crossbows
 + Level 4.4 Throwing
 + Level 4.4 Armour
 + Level 4.4 Dodging
 + Level 5.0 Stealth
 + Level 5.1 Shields
 + Level 8.0 Unarmed Combat
 + Level 4.4 Spellcasting
 + Level 3.6 Conjurations
 + Level 3.6 Hexes
 + Level 3.6 Charms
 + Level 3.6 Summonings
 + Level 3.6 Necromancy
 + Level 3.6 Translocations
 + Level 3.6 Transmutations
 + Level 3.6 Fire Magic
 + Level 3.6 Ice Magic
 + Level 3.6 Air Magic
 + Level 3.6 Earth Magic
 + Level 3.6 Poison Magic
 + Level 4.8 Invocations
 + Level 5.1 Evocations


You had 14 spell levels left.
You knew the following spells:

 Your Spells              Type           Power        Failure   Level  Hunger
a - Blink                 Tloc           N/A          1%          2    #......

Your spell library contained the following spells:

 Spells                   Type           Power        Failure   Level  Hunger
 Magic Dart               Conj           ####         1%          1    None
 Call Imp                 Summ           ####....     1%          2    #......
 Slow                     Hex            ####....     1%          2    #......
 Conjure Flame            Conj/Fire      ####....     1%          3    ###....
 Mephitic Cloud           Conj/Pois/Air  ####....     1%          3    ###....


Dungeon Overview and Level Annotations

Branches:
Dungeon (8/15)             Temple (0/1) D:7
   Lair: D:8-11

Altars:
Cheibriados
Gozag
Makhleb
Ru
Uskayaw
Xom
Yredelemnul

Shops:
D:6 *

Annotations:
D:6 2 transporters, nubinia's ghost, novice GnEE


Innate Abilities, Weirdness & Mutations

Your experience applies equally to all skills.
((You have very sharp teeth.))
Your uncanny sense of smell can sniff out nearby items.
((You are partially covered in yellow scales. (AC +2)))
Your magical capacity is low. (-10% MP)


Message History

The fire crab claws you but does no damage.
You hit the fire crab.
The fire crab is heavily wounded.
The fire crab bites you!
You are engulfed in flames!
The fire crab claws you.
You are engulfed in flames!
You pummel the fire crab!!
The fire crab is almost dead.
The fire crab bites you.
You are engulfed in flames!
* * * LOW HITPOINT WARNING * * *
The fire crab claws you.
* * * LOW HITPOINT WARNING * * *
You are engulfed in flames!
* * * LOW HITPOINT WARNING * * *
Unknown command.
You hit the fire crab but do no damage.
The fire crab is almost dead.
The fire crab bites you.
* * * LOW HITPOINT WARNING * * *
You are engulfed in flames!
You die...

##..##.###.#.#.#.##..###.#,**..**
#..##...................#.##,,**
#.........#.#..#.#...........,**
#..##.#####.#..#....##.......,**
#..##.# #.#.......#*.......,,,
#..##.# ####.##...#*.......,*,
#†.##.##### #.###..#*.......,*,
#.........#####.....##...###.,*,
##.##.....#%..'♣t)........,,,,,,
#.########%#)####..###,****,**,
#.# **##* *..# *,* *,**, #.# *,,#
*,* *,**, **#.# ******,,* *,*
*,**, ,,..# *,,,,>,,***,* ****,
**##* ********,,,,,,,,,,,*******,
*******,,,,,,,,,,,,,,,,,,,,,,,,,,
,,,,,,,,,,,,,*,,**,,,,,,,,***,,,,


You could see a fire crab.

Vanquished Creatures
  Grinder (D:6)
  Prince Ribbit (D:7)
  A hippogriff (D:7)
  A spriggan (D:8)
  Menkaure (D:7)
  Edmund (D:4)
  A water moccasin (D:6)
  A sky beast (D:7)
  2 orc warriors (D:8)
  A phantom (D:7)
  An ogre (D:6)
  2 big kobolds (D:7)
  2 bullfrogs (D:7)
  A scorpion (D:8)
  3 wights (D:7)
  A howler monkey (D:4)
  3 crimson imps
  3 hounds
  A quasit (D:6)
  An orc priest (D:8)
  2 jellies (D:8)
  An iguana (D:8)
  Ijyb (D:3)
  2 orc wizards (D:6)
  3 worker ants
  2 worker ant zombies (D:7)
  7 adders
  A howler monkey skeleton (D:6)
  A shadow imp (D:7)
  An ooze (D:1)
  An adder skeleton (D:4)
  5 worms
  3 dart slugs
  2 leopard geckos
  13 orcs
  5 giant cockroaches
  12 goblins
  5 hobgoblins
  14 jackals
  A quokka (D:3)
  A ball python (D:6)
  6 bats
  3 frilled lizards (D:1)
  19 kobolds
  7 rats
147 creatures vanquished.

Notes
Turn   | Place    | Note
-------+----------+-------------------------------------------
     0 | D:1      | Froggeryz the Gnoll Wanderer began the quest for the Orb.
     0 | D:1      | Froggeryz set off with the following items: a +0
                  | quarterstaff, a wand of flame (15), a scroll of
                  | teleportation, a +0 robe, a ration
     0 | D:1      | Reached XP level 1. HP: 23/23 MP: 2/2
   277 | D:1      | Reached XP level 2. HP: 29/29 MP: 3/3
   555 | D:1      | Reached XP level 3. HP: 32/35 MP: 4/4
   667 | D:2      | Found a shimmering altar of Xom.
   730 | D:2      | Reached skill level 1 in Invocations
   894 | D:2      | Reached skill level 1 in Short Blades
   894 | D:2      | Reached skill level 1 in Long Blades
   894 | D:2      | Reached skill level 1 in Axes
   894 | D:2      | Reached skill level 1 in Maces & Flails
   894 | D:2      | Reached skill level 1 in Polearms
   894 | D:2      | Reached skill level 1 in Staves
   894 | D:2      | Reached skill level 1 in Slings
   894 | D:2      | Reached skill level 1 in Bows
   894 | D:2      | Reached skill level 1 in Throwing
   894 | D:2      | Reached skill level 1 in Armour
   894 | D:2      | Reached skill level 1 in Dodging
   894 | D:2      | Reached skill level 1 in Spellcasting
   906 | D:2      | Reached XP level 4. HP: 40/41 MP: 6/6
  1211 | D:3      | Noticed Ijyb
  1226 | D:3      | Killed Ijyb
  1226 | D:3      | Reached skill level 1 in Conjurations
  1226 | D:3      | Reached skill level 1 in Hexes
  1226 | D:3      | Reached skill level 1 in Charms
  1226 | D:3      | Reached skill level 1 in Summonings
  1226 | D:3      | Reached skill level 1 in Necromancy
  1226 | D:3      | Reached skill level 1 in Translocations
  1226 | D:3      | Reached skill level 1 in Transmutations
  1226 | D:3      | Reached skill level 1 in Fire Magic
  1226 | D:3      | Reached skill level 1 in Ice Magic
  1226 | D:3      | Reached skill level 1 in Air Magic
  1226 | D:3      | Reached skill level 1 in Earth Magic
  1226 | D:3      | Reached skill level 1 in Poison Magic
  1724 | D:3      | Gained mutation: Your magical capacity is low. (-10% MP)
                  | [potion of mutation]
  1724 | D:3      | Gained mutation: You are clumsy. (Dex -2) [potion of
                  | mutation]
  1724 | D:3      | Gained mutation: You are partially covered in yellow
                  | scales. (AC +2) [potion of mutation]
  1724 | D:3      | Lost mutation: You are clumsy. (Dex -2) [potion of
                  | mutation]
  1728 | D:3      | Found a faded altar of an unknown god.
  1728 | D:3      | Found a hide-covered altar of Uskayaw.
  1734 | D:3      | Found a faded altar of an unknown god.
  1736 | D:3      | Found a basalt altar of Yredelemnul.
  1737 | D:3      | Found a snail-covered altar of Cheibriados.
  1760 | D:3      | Became a worshipper of Makhleb the Destroyer
  1760 | D:3      | Reached * piety under Makhleb
  1926 | D:3      | Reached XP level 5. HP: 47/47 MP: 6/6
  2062 | D:3      | Found a sacrificial altar of Ru.
  2297 | D:4      | Noticed Edmund
  2469 | D:4      | Reached XP level 6. HP: 50/53 MP: 7/7
  2558 | D:4      | Killed Edmund
  2576 | D:4      | You fall into a shaft and drop 2 floors!
  2669 | D:6      | Reached XP level 7. HP: 56/59 MP: 9/9
  2695 | D:6      | Found Fimos's Serpentskin Sales.
  2704 | D:6      | Reached ** piety under Makhleb
  2720 | D:6      | Bought a +0 falchion of venom for 78 gold pieces
  2798 | D:6      | Found a transporter.
  2807 | D:6      | Found a transporter.
  2810 | D:6      | Noticed nubinia's ghost (novice GnEE)
  2811 | D:6      | Found a burning altar of Makhleb.
  2827 | D:6      | Learned a level 2 spell: Blink
  2905 | D:6      | Found an opulent altar of Gozag.
  3146 | D:6      | Noticed Grinder
  3158 | D:6      | Killed Grinder
  3158 | D:6      | Reached XP level 8. HP: 66/67 MP: 9/11
  3579 | D:7      | Noticed Prince Ribbit
  3593 | D:7      | Killed Prince Ribbit
  3884 | D:7      | Noticed Menkaure
  3888 | D:7      | Killed Menkaure
  3888 | D:7      | Reached XP level 9. HP: 72/72 MP: 13/13
  4045 | D:7      | Found a staircase to the Ecumenical Temple.
  4154 | D:7      | Reached *** piety under Makhleb
  4487 | D:8      | Noticed a two-headed ogre
  4664 | D:8      | Reached skill level 5 in Crossbows
  4664 | D:8      | Reached skill level 5 in Shields
  4664 | D:8      | Reached skill level 5 in Evocations
  4756 | D:8      | Reached skill level 5 in Stealth
  4904 | D:8      | Noticed a manticore
  4904 | D:8      | a two-headed ogre changed into a manticore
  4907 | D:8      | Noticed a salamander
  4907 | D:8      | a manticore changed into a salamander
  4912 | D:8      | Noticed a fire crab
  4912 | D:8      | a salamander changed into a fire crab
  4917 | D:8      | Slain by a fire crab

Levels and vault maps discovered:
D:1:      grunt_arrival_lava_bath, layout_basic
D:2:      layout_loops_cross, lemuel_crystal_altar
D:3:      layout_loops_ring, chequers_temple_overflow_minitemple, st_stairs_1,
          nicolae_ru_the_path_less_chosen, uniq_ijyb
D:4:      layout_basic, uniq_edmund
D:6:      layout_basic, overflow_temple_1_default, gammafunk_ghost_stat_death,
          basic_altar, guppyfry_shop_venom, uniq_grinder
D:7:      layout_gridville, minmay_temple_entry_glass, uniq_prince_ribbit1,
          uniq_menkaure
D:8:      layout_basic, nicolae_overflow_hidden_temple, nemelex_altar_shiori,
          the_bakery, uniq_psyche, uniq_gastronok

Skill      XL: |  1  2  3  4  5  6  7  8  9 |
---------------+----------------------------+-----
Invocations    | 1 2 3 4 |  4.8
Short Blades   | 1 2 3 4 |  4.4
Long Blades    | 1 2 3 4 |  4.4
Axes           | 1 2 3 4 |  4.4
Maces & Flails | 1 2 3 4 |  4.4
Polearms       | 1 2 3 4 |  4.4
Staves         | 1 2 3 4 |  4.4
Slings         | 1 2 3 4 |  4.4
Bows           | 1 2 3 4 |  4.4
Throwing       | 1 2 3 4 |  4.4
Armour         | 1 2 3 4 |  4.4
Dodging        | 1 2 3 4 |  4.4
Spellcasting   | 1 2 3 4 |  4.4
Conjurations   | 1 2 3 |  3.6
Hexes          | 1 2 3 |  3.6
Charms         | 1 2 3 |  3.6
Summonings     | 1 2 3 |  3.6
Necromancy     | 1 2 3 |  3.6
Translocations | 1 2 3 |  3.6
Transmutations | 1 2 3 |  3.6
Fire Magic     | 1 2 3 |  3.6
Ice Magic      | 1 2 3 |  3.6
Air Magic      | 1 2 3 |  3.6
Earth Magic    | 1 2 3 |  3.6
Poison Magic   | 1 2 3 |  3.6
Crossbows      | 3 4 5 |  5.1
Shields        | 3 4 5 |  5.1
Evocations     | 3 4 5 |  5.1
Stealth        | 3 4 5 |  5.0
Fighting       | 7 8 |  8.0
Unarmed Combat | 7 8 |  8.0

Action                   |  1- 3 |  4- 6 |  7- 9 || total
-------------------------+-------+-------+-------++-------
Melee: Unarmed           |    82 |   169 |   271 ||   522
       Punch             |     5 |     5 |    14 ||    24
       Bite              |     5 |    24 |    26 ||    55
       Dire flail        |       |       |    20 ||    20
       Whip              |       |       |     2 ||     2
       Falchion          |       |       |     2 ||     2
Throw: Dart              |       |     2 |    10 ||    12
Evoke: Wand              |       |     4 |    15 ||    19
  Use: Potion            |       |     3 |     5 ||     8
       Scroll            |       |     5 |     1 ||     6
 Stab: Sleeping          |     1 |     1 |     2 ||     4
  Eat: Chunk             |       |     6 |     7 ||    13
Armor: Robe              |     3 |       |       ||     3
       Ring mail         |    17 |    50 |   126 ||   193
       Skin              |       |       |     5 ||     5
Dodge: Dodged            |    37 |    74 |   190 ||   301
       Deflected         |     1 |     6 |     3 ||    10

Table legend:
 A = Non-vault XP
 B = Vault XP
 C = Vault XP percentage of total XP
 D = Non-vault monster count
 E = Vault monster count
 F = Vault count percentage of total count
                 A         B        C        D         E       F
            +---------+---------+-------+---------+---------+-------
      Total |    2545 |    1333 |  34.4 |     136 |      11 |   7.5
            +---------+---------+-------+---------+---------+-------
        D:1 |      46 |       0 |   0.0 |      27 |       0 |   0.0
        D:2 |      58 |       0 |   0.0 |      16 |       0 |   0.0
        D:3 |      39 |      42 |  51.9 |      16 |       3 |  15.8
        D:4 |     172 |     164 |  48.8 |      10 |       1 |   9.1
        D:6 |     387 |     446 |  53.5 |      21 |       4 |  16.0
        D:7 |    1295 |     452 |  25.9 |      31 |       2 |   6.1
        D:8 |     548 |     229 |  29.5 |      15 |       1 |   6.2
            +---------+---------+-------+---------+---------+-------
